Map: Bridgehead LE (Void)

Players

NightEnD - Winner!

  • Race: Protoss Protoss
  • League: Master

NoRegreT

  • Race: Zerg Zerg
  • League: Grandmaster

Event: ASL Season 5 Prime League LOTV Beta

VOD

Have the link to the VOD?

Description

Time

  • Played on: Sept. 8, 2015, 8:48 p.m.
  • Length: 6:44

All games in this series

Show
View Real Time Build Order
Export as new Build Order

NightEnD Protoss - Winner!

Build Orders: 1 Gate Expand, Mass Adepts 

Get SALT Encoding   

  12  0:00  Probe (Chrono Boost)  
  13  0:10  Probe (Chrono Boost)  
  14  0:20  Pylon  
  14  0:22  Probe (Chrono Boost)  
  15  0:37  Probe (Chrono Boost)  
  15  0:41  Gateway  
  16  0:48  Probe (Chrono Boost)  
  17  0:58  Probe (Chrono Boost)  
  18  1:08  Probe (Chrono Boost)  
  19  1:18  Nexus  
  19  1:20  Probe (Chrono Boost)  
  20  1:27  Assimilator  
  20  1:30  Probe (Chrono Boost)  
  21  1:35  Assimilator  
  21  1:40  Probe (Chrono Boost)  
  21  1:44  Pylon  
  22  1:50  Probe (Chrono Boost)  
  23  2:02  Probe (Chrono Boost)  
  23  2:03  Cybernetics Core  
  24  2:12  Probe (Chrono Boost)  
  24  2:14  Gateway  
  25  2:22  Probe (Chrono Boost)  
  26  2:33  Gateway  
  26  2:35  Pylon  
  26  2:36  Warp Gate (Chrono Boost)  
  26  2:40  Mothership Core (Chrono Boost), Pylon  
  26  2:42  Adept  
  30  2:48  Gateway  
  30  2:52  Pylon  
  30  3:04  Adept  
  32  3:09  Adept  
  34  3:22  Adept  
  36  3:31  Adept  
  38  3:35  Adept  
  38  3:36  Adept  
  42  3:49  Pylon  
  42  3:50  Adept  
  42  3:55  Twilight Council  
  44  3:56  Pylon  
  44  4:27  Pylon  
  44  4:28  Adept x3  
  44  4:29  Adept  
  49  4:57  Adept  
  49  4:58  Adept x3  
  57  5:07  Shield Upgrade (Chrono Boost)  
  56  5:22  Adept x3  
  56  5:23  Adept  
  52  5:43  Adept x2  
  52  5:44  Adept x2  
  56  6:04  Adept x3  
  56  6:05  Adept  
  64  6:29  Adept x2  
  64  6:30  Adept x2  
Show
View Real Time Build Order
Export as new Build Order

NoRegreT Zerg 

Build Orders: Hatch First 

Get SALT Encoding   

  12  0:02  Drone  
  13  0:08  Drone  
  14  0:22  Drone x2, Extractor x2  
  14  0:28  Overlord  
  16  0:55  Hatchery  
  15  0:57  Drone  
  15  1:00  Drone  
  17  1:15  Drone  
  17  1:16  Spawning Pool  
  17  1:22  Drone  
  17  1:23  Extractor  
  17  1:32  Drone  
  18  1:50  Overlord  
  18  1:56  Drone  
  18  1:57  Drone  
  20  2:04  Queen  
  20  2:07  Zergling x2, Queen  
  25  2:15  Drone  
  26  2:18  Zergling x4  
  28  2:24  Metabolic Boost  
  28  2:29  Drone  
  29  2:30  Drone  
  29  2:36  Drone  
  31  2:42  Queen  
  33  2:45  Overlord  
  33  2:49  Drone  
  33  2:50  Drone  
  35  2:58  Roach Warren  
  34  3:00  Zergling x2  
  34  3:04  Zergling x2  
  35  3:22  Overlord  
  34  3:39  Roach x4  
  42  3:45  Zergling x2  
  42  3:46  Zergling x10  
  47  3:51  Roach x2  
  47  3:53  Overlord  
  47  3:55  Overlord  
  51  4:11  Roach  
  51  4:13  Roach  
  51  4:15  Roach x4  
  63  4:22  Zergling x2  
  63  4:23  Zergling x2  
  65  4:30  Zergling x2  
  66  4:34  Zergling x2  
  65  4:48  Zergling x4  
  65  4:55  Roach  
  65  4:56  Zergling x4  
  63  5:03  Zergling x4  
  63  5:06  Zergling x2  
  61  5:23  Zergling x6  
  61  5:25  Zergling x4  
  53  5:30  Zergling x4  
  49  5:38  Zergling x2  
  49  5:41  Zergling x2  
  49  5:42  Ravager  
  39  6:14  Roach  
  39  6:17  Zergling x2  
  39  6:18  Zergling x8  
Tags
 
Add a new tag
Caveats
  • Supply blocks, unpowered buildings, or Contaminate may cause inaccurate times.
  • Supply counts are checked every 10 seconds.